 Dungeon Crawl Stone Soup version 0.31-a0-219-g8d62b2e7bb (webtiles) character file.

Game seed: 2956475361023900230

11 qw the Shooter (level 2, -1/23 HPs)
             Began as a Minotaur Hexslinger on July 3, 2023.
             Slain by a gnoll
             ... wielding a +0 whip
              (4 damage)
             ... on level 2 of the Dungeon.
             The game lasted 00:00:10 (887 turns).

qw the Shooter (Minotaur Hexslinger)                 Turns: 887, Time: 00:00:11

Health: -1/23      AC:  4    Str: 12    XL:     2   Next: 13%
Magic:  2/2        EV: 11    Int: 10    God:
Gold:   46         SH:  0    Dex: 12    Spells: 2/3 levels left

rFire   . . .        Y - +1 sling
rCold   . . .        (no shield)
rNeg    . . .        i - +0 leather armour
rPois   .            (helmet restricted)
rElec   .            (no cloak)
rCorr   .            d - +0 pair of gloves
SInv    .            (no boots)
Will    .....        (no amulet)
Stlth   +            (no ring)
HPRegen 0.23/turn    (no ring)
MPRegen 0.08/turn

%: no passive effects
@: no status effects
A: horns 2, retaliatory headbutt
a: no special abilities


You were on level 2 of the Dungeon.
You visited 1 branch of the dungeon, and saw 2 of its levels.

You collected 46 gold pieces.


Innate Abilities, Weirdness & Mutations

You have a pair of horns on your head.
You reflexively headbutt those who attack you in melee.


   Skills:
 + Level 1.6 Fighting
 - Level 3.0 Ranged Weapons
 - Level 2.1 Dodging
 - Level 1.0 Spellcasting
 - Level 2.0 Hexes


You had 2 spell levels left.
You knew the following spells:

 Your Spells              Type           Power      Damage    Failure   Level
a - Slow                  Hex            16%        N/A       19%         1

Your spell library contained the following spells:

 Spells                   Type           Power      Damage    Failure   Level
 Inner Flame              Hex/Fire       2%         N/A       65%         3
 Portal Projectile        Hex/Tloc       4%         N/A       65%         3
 Cause Fear               Hex            2%         N/A       88%         4

Inventory:

Hand Weapons
 Y - a +1 sling (weapon)
Armour
 d - a +0 pair of gloves (worn)
 i - a +0 leather armour (worn)
Jewellery
 b - the ring of Qawitrea {rPois Dex+6}
   (You found it on level 2 of the Dungeon)

   [ring of dexterity]

   Dex:       It affects your dexterity (+6).
   rPois:     It protects you from poison.
Scrolls
 a - a scroll of identify
Potions
 h - a potion of attraction {unknown}

Dungeon Overview and Level Annotations

Branches:
Dungeon (2/15)

Altars:

Shops:
D:1 [


Message History

832 ||| DROPPING scroll of poison.
You drop a scroll of poison.
Done exploring.
833 ||| DROPPING scroll of blinking.
You drop a scroll of blinking.
Done exploring.
(D) Dungeon
Where to? (* - list waypoints, ? - help)
What level of the Dungeon? (default 1, ? - help)
There is a stone staircase leading down here.
You climb downwards.
There is a stone staircase leading up here.
Waypoint 1 assigned to D:2.
Found a scroll of poison.
b - the ring of Qawitrea {rPois Dex+6}
Found a scroll of blinking.
A gnoll comes into view. It is wielding a +0 halberd.
The gnoll shouts!
You hear a shout!
A gnoll comes into view. It is wielding a +0 spear.
You shoot a sling bullet.
The sling bullet barely misses the gnoll.
The gnoll shouts!
A gnoll comes into view. It is wielding a +0 whip.
A gnoll comes into view. It is wielding a +0 club.
You shoot a sling bullet.
The sling bullet hits the gnoll but does no damage.
You shoot a sling bullet.
The sling bullet hits the gnoll but does no damage.
You shoot a sling bullet. The sling bullet hits the gnoll.
The gnoll is moderately wounded.
You shoot a sling bullet.
The sling bullet closely misses the gnoll.
The sling bullet barely misses the gnoll.
The gnoll hits you from afar with a +0 halberd!
Ouch! That really hurt!
You shoot a sling bullet. The sling bullet hits the gnoll.
The gnoll is moderately wounded.
The gnoll hits you from afar with a +0 halberd!
You shoot a sling bullet. The sling bullet hits the gnoll!
You kill the gnoll!
The gnoll hits you with a +0 whip.
You die...

#.?.....#
#########.......#
#...............#
##.#...###.......#
.?#.#<.....######
#...#.######
#.###.##
#.#####......#
#....gg@.....#
..#.!g)#.....#
.................
#.#..#.#.....###..
. #..#.#.......
#.. #.#......#. #.
#.#......# . ..
#....#...#


You could see 3 gnolls.

Vanquished Creatures
  A gnoll (D:2)
  2 endoplasms (D:1)
  A goblin (D:1)
  A hobgoblin (D:1)
  A quokka (D:1)
  A ball python (D:1)
  3 frilled lizards (D:1)
  A kobold (D:1)
  A rat (D:1)
12 creatures vanquished.

Notes
Turn   | Place    | Note
-------+----------+-------------------------------------------
     0 | D:1      | qw the Minotaur Hexslinger began the quest for the Orb.
     0 | D:1      | Reached XP level 1. HP: 16/16 MP: 1/1
     0 | D:1      | 0 ||| qw: Version: 0.3-a-40-ge99b1a8
     0 | D:1      | 0 ||| qw: Game counter: 335
     0 | D:1      | 0 ||| qw: Melee chars always use a shield: true
     0 | D:1      | 0 ||| qw: God list: Okawaru
     0 | D:1      | 0 ||| qw: Allow faded altars: false
     0 | D:1      | 0 ||| qw: Do Orc after clearing Dungeon:15 true
     0 | D:1      | 0 ||| qw: Do second Lair branch before Depths: true
     0 | D:1      | 0 ||| qw: Lair rune preference: random
     0 | D:1      | 0 ||| qw: Goals: Normal
     0 | D:1      | 0 ||| PLANNING D:1-11
   340 | D:1      | Reached skill level 3 in Ranged Weapons
   454 | D:1      | Found Xefuc's Antique Armour Boutique.
   463 | D:1      | 463 ||| SHOPLISTING leather armour (58 gold, have 35).
   463 | D:1      | 463 ||| SHOPLISTING pair of boots (130 gold, have 35).
   492 | D:1      | Reached XP level 2. HP: 23/23 MP: 2/2
   813 | D:1      | 813 ||| UPGRADING to +0 pair of gloves.
   818 | D:1      | 818 ||| UPGRADING to +0 leather armour.
   828 | D:1      | 828 ||| DROPPING +0 robe.
   829 | D:1      | 829 ||| READING 2 scrolls labelled ARREDI XIHETH.
   830 | D:1      | 830 ||| READING 2 scrolls labelled TOTZEINWIU.
   831 | D:1      | 831 ||| READING scroll labelled MUIQUIL KUBBUQ.
   832 | D:1      | 832 ||| DROPPING scroll of poison.
   833 | D:1      | 833 ||| DROPPING scroll of blinking.
   866 | D:2      | Identified the ring of Qawitrea {rPois Dex+6}
   886 | D:2      | HP: 2/23 [gnoll/+0 halberd (7)]
   887 | D:2      | Slain by a gnoll

Levels and vault maps discovered:
D:1:      nzn_arrival_depleted_hourglass, layout_loops_corners, serial_shops,
          shop
D:2:      layout_basic, serial_shops, shop, glass_columns_a,
          minmay_misc_feat_nine_boxes, minmay_close_crescents

Skill      XL: |  1 |
---------------+----+-----
Ranged Weapons | 3 |  3.0
Fighting       | |  1.6
Dodging        | |  2.1
Spellcasting   | |  1.0
Hexes          | |  2.0

Action                     || total
---------------------------++-------
   Fire: Sling             ||    32
    Use: Scroll            ||     3
 Armour: Robe              ||     3
  Dodge: Dodged            ||     3

Table legend:
 A = Non-vault XP
 B = Vault XP
 C = Vault XP percentage of total XP
 D = Non-vault monster count
 E = Vault monster count
 F = Vault count percentage of total count
                 A         B        C        D         E       F
            +---------+---------+-------+---------+---------+-------
      Total |      29 |       0 |   0.0 |      12 |       0 |   0.0
            +---------+---------+-------+---------+---------+-------
        D:1 |      16 |       0 |   0.0 |      11 |       0 |   0.0
        D:2 |      13 |       0 |   0.0 |       1 |       0 |   0.0
            +---------+---------+-------+---------+---------+-------
